 Dungeon Crawl Stone Soup version 0.29.1-12-g30fa7ad0bf (webtiles) character file.

Game seed: 10095725426976149564

294 MysteronAgent613 the Stinger (level 6, -1/47 HPs)
             Began as a Meteoran Venom Mage on Jan 13, 2023.
             Slain by a scorpion (7 damage)
             ... on level 4 of the Dungeon.
             The game lasted 00:09:13 (1769 turns).

MysteronAgent613 the Stinger (Meteoran Venom Mage)  Turns: 1769, Time: 00:09:13

Health: -1/47      AC:  2    Str: 10    XL:     6   Next: 92%
Magic:  11/13      EV: 13    Int: 18    God:
Gold:   103        SH:  0    Dex: 15    Spells: 3/13 levels left

rFire   . . .      SeeInvis .   l - +1 war axe (elec)
rCold   . . .      Faith    .   (no shield)
rNeg    . . .      Spirit   .   a - +0 robe
rPois   .          Reflect  .   (no helmet)
rElec   .          Harm     .   (no cloak)
rCorr   .          Rampage  .   (no gloves)
Will    .....                   (no boots)
Stlth   +.........              (no amulet)
HPRegen 0.15/turn               (no ring)
MPRegen 0.13/turn               (no ring)

@: lethally poisoned (-1 -> -15), hasted, glowing, very quick
A: sense surroundings 1, otherworldly, glowing, explore regen
a: no special abilities


You were on level 4 of the Dungeon.
You visited 1 branch of the dungeon, and saw 4 of its levels.

You collected 103 gold pieces.

Inventory:

Hand Weapons
 l - a +1 war axe of electrocution (weapon)
Armour
 a - a +0 robe (worn)
Magical Staves
 d - a staff of air
Jewellery
 m - a ring of flight
Scrolls
 e - 3 scrolls of identify
 f - a scroll of acquirement {unknown}
 g - a scroll of vulnerability {unknown}
 k - a scroll of enchant armour {unknown}
Potions
 b - a potion of magic
 c - a potion of might
 h - a potion of resistance {unknown}
 i - a potion of heal wounds {unknown}


   Skills:
 * Level 1.5 Fighting
 * Level 1.0 Axes
 + Level 0.5 Staves
 * Level 1.5 Armour
 * Level 3.5 Dodging
 * Level 1.7 Stealth
 * Level 1.2 Unarmed Combat
 * Level 4.0 Spellcasting
 * Level 1.5 Conjurations
 * Level 2.1 Transmutations
 * Level 1.4 Air Magic
 * Level 4.6 Poison Magic
 * Level 1.3 Evocations


You had 3 spell levels left.
You knew the following spells:

 Your Spells              Type           Power      Damage    Failure   Level
a - Sting                 Tmut/Pois      60%        1d6       3%          1
b - Poisonous Vapours     Pois/Air       28%        N/A       6%          2
c - Mephitic Cloud        Conj/Pois/Air  12%        N/A       16%         3
d - Olgreb's Toxic Radia  Pois           20%        N/A       22%         4

Your spell library contained the following spells:

 Spells                   Type           Power      Damage    Failure   Level
 Anguish                  Hex/Necr       1%         N/A       82%         4
 Enfeeble                 Hex            1%         N/A       100%        7


Dungeon Overview and Level Annotations

Branches:
Dungeon (4/15) Zot: 612
 Temple: D:4-7

Altars:


Innate Abilities, Weirdness & Mutations

You passively map a small area around you.
You are easily found by Zot.
You glow in the dark.
You regain HP and MP as you explore.


Message History

There is a stone staircase leading down here.
There is a stone staircase leading down here.
HP restored.
You climb downwards.
As you enter the new level, Zot loses track of you.
There is a stone staircase leading up here.
The helpless scorpion fails to defend itself.
You hit the scorpion but do no damage. The scorpion stings you.
You are poisoned.
The scorpion poisons you!
Aiming: Poisonous Vapours (safe; 6% risk of failure)
Press: ? - help, Q - select action, (/) - cycle Dir - move target, f - scorpion
Aim: a scorpion Poisonous vapours surround the scorpion!
The scorpion is poisoned.
You feel very sick. The scorpion stings you!
You are more poisoned.
The scorpion poisons you!
You hit the scorpion but do no damage.
The scorpion is lightly wounded.
You feel extremely sick. The scorpion completely misses you.
The scorpion closely misses you.
You barely miss the scorpion.
The scorpion is lightly wounded.
You feel very sick. The scorpion stings you. x2
* * * LOW HITPOINT WARNING * * *
You are lethally poisoned!
The scorpion poisons you!
It was a potion of haste.
You feel yourself speed up.
* * * LOW HITPOINT WARNING * * *
You feel very sick. The scorpion completely misses you.
You closely miss the scorpion.
The scorpion is heavily wounded.
* * * LOW HITPOINT WARNING * * *
You feel very sick. The scorpion stings you!
You die...

, ,,, , *
, , , *
### , , ,
..# ** *
#.#, * ,
#.#,* *,
* #.# ,
*,**,#@#,
*,,
#...s# *
, ####.#,
, ,, ,..#
**,*###
,, , ,,
,,, , , ,
* ,* , ,,
, * , ,


You could see a scorpion (poisoned).

Vanquished Creatures
  Sigmund (D:3)
  Jessica (D:2)
  Terence (D:2)
  3 gnolls (D:3)
  2 adders (D:3)
  A worm (D:3)
  2 orcs (D:3)
  6 endoplasms
  2 giant cockroaches
  2 goblins (D:2)
  5 hobgoblins
  4 jackals
  2 quokkas
  3 ball pythons
  5 kobolds
  2 rats
42 creatures vanquished.

Notes
Turn   | Place    | Note
-------+----------+-------------------------------------------
     0 | D:1      | MysteronAgent613 the Meteoran Venom Mage began the quest
                  | for the Orb.
     0 | D:1      | Reached XP level 1. HP: 14/14 MP: 5/5
   170 | D:1      | Reached XP level 2. HP: 6/20 MP: 4/6
   311 | D:1      | Learned a level 2 spell: Poisonous Vapours
   498 | D:1      | Glimpsed the power of Zot.
   557 | D:2      | Noticed Jessica
   566 | D:2      | Killed Jessica
   567 | D:2      | Reached XP level 3. HP: 11/26 MP: 3/8
   641 | D:2      | Learned a level 3 spell: Mephitic Cloud
   673 | D:2      | Reached XP level 4. HP: 30/33 MP: 9/9
   867 | D:2      | Noticed Terence
   881 | D:2      | Killed Terence
   882 | D:2      | Reached skill level 1 in Fighting
   882 | D:2      | Reached skill level 1 in Armour
  1096 | D:2      | Glimpsed the power of Zot.
  1146 | D:2      | Glimpsed the power of Zot.
  1346 | D:3      | Reached XP level 5. HP: 28/40 MP: 10/10
  1351 | D:3      | Learned a level 4 spell: Olgreb's Toxic Radiance
  1465 | D:3      | Noticed Sigmund
  1479 | D:3      | Killed Sigmund
  1480 | D:3      | Reached skill level 1 in Unarmed Combat
  1480 | D:3      | Reached skill level 1 in Conjurations
  1480 | D:3      | Reached skill level 1 in Air Magic
  1480 | D:3      | Reached skill level 1 in Evocations
  1480 | D:3      | Reached XP level 6. HP: 15/47 MP: 7/12
  1575 | D:3      | Reached skill level 1 in Axes
  1683 | D:3      | Glimpsed the power of Zot.
  1733 | D:3      | Glimpsed the power of Zot.
  1769 | D:4      | Slain by a scorpion

Illustrated notes

Levels and vault maps discovered:
D:1:      dpeg_arrival_stone_temple_mockup, layout_basic,
          chequers_ecumenical_altar_grove
D:2:      layout_basic, uniq_jessica, uniq_terence
D:3:      layout_loops_ring, kennysheep_generic_room_11, uniq_sigmund
D:4:      layout_basic, nemelex_xobeh_ov_fountains_minmay,
          minmay_temple_entry_mini_moons, serial_shops,
          nicolae_shop_temple_entry_statues_fountains

Skill      XL: |  1  2  3  4  5  6 |
---------------+-------------------+-----
Poison Magic   | 4 |  4.6
Dodging        | 3 |  3.5
Spellcasting   | 3 4 |  4.0
Fighting       | 1 |  1.5
Armour         | 1 |  1.5
Unarmed Combat | 1 |  1.2
Conjurations   | 1 |  1.5
Air Magic      | 1 |  1.4
Evocations     | 1 |  1.3
Axes           | 1 |  1.0
Transmutations | 2 |  2.1
Staves         | |  0.5
Stealth        | |  1.7

Action                   |  1- 3 |  4- 6 || total
-------------------------+-------+-------++-------
Melee: Staff             |    10 |    22 ||    32
       War axe           |       |    29 ||    29
 Cast: Sting             |     9 |    11 ||    20
       Poisonous Vapours |     7 |    19 ||    26
       Mephitic Cloud    |       |     1 ||     1
       Olgreb's Toxic Ra |       |     2 ||     2
  Use: Scroll            |     2 |       ||     2
       Potion            |       |     1 ||     1
 Stab: Sleeping          |       |     1 ||     1
Armor: Robe              |     5 |     6 ||    11
Dodge: Dodged            |    17 |    58 ||    75
